 Dungeon Crawl Stone Soup version 0.23-a0-860-g8ff03fb (webtiles) character file.

79 Amnesiac the Covered (level 4, -5/28 HPs)
             Began as a Tengu Fighter on Jan 27, 2019.
             Slain by Grinder (6 damage)
             ... on level 3 of the Dungeon.
             The game lasted 00:02:00 (642 turns).

Amnesiac the Covered (Tengu Fighter)                 Turns: 642, Time: 00:02:01

Health: -5/28      AC:  6    Str: 17    XL:     4   Next: 37%
Magic:  5/5        EV:  7    Int:  9    God:
Gold:   33         SH:  9    Dex: 13    Spells: 1/3 levels left

rFire    . . .     SeeInvis .   g - +0 dagger (elec)
rCold    + . .     Gourm    .   c - +0 shield
rNeg     . . .     Faith    .   b - +0 scale mail
rPois    .         Spirit   .   (helmet restricted)
rElec    .         Reflect  .   (no cloak)
rCorr    .         Harm     .   (no gloves)
MR       .....                  (boots unavailable)
Stlth    +.........             (no amulet)
HPRegen  0.09/turn              i - ring of protection from cold
MPRegen  0.09/turn              (no ring)

@: no status effects
A: beak, talons 3
a: no special abilities


You were on level 3 of the Dungeon.
You were not hungry.

You visited 1 branch of the dungeon, and saw 3 of its levels.

You collected 33 gold pieces.

Inventory:

Hand Weapons
 g - a +0 dagger of electrocution (weapon)
Armour
 b - a +0 scale mail (worn)
 c - a +0 shield (worn)
Jewellery
 i - a ring of protection from cold (left hand)
Scrolls
 h - 3 scrolls of immolation {!r, unknown}
 l - a scroll of enchant weapon {!r, unknown}
 m - a scroll of noise {!r, unknown}
 n - a scroll of identify {!r, unknown}
Potions
 d - a potion of might {!q}
 e - 2 potions of curing {!q, unknown}
 j - a potion of agility {!q, unknown}
 k - a potion of flight {!q, unknown}
Comestibles
 a - 3 chunks of flesh
 f - 4 rations


   Skills:
 - Level 3.0 Fighting
 * Level 3.1 Short Blades
 - Level 3.2 Armour
 + Level 1.3 Dodging
 * Level 3.1 Stealth
 - Level 3.0 Shields


You had one spell level left.
You knew the following spells:

 Your Spells              Type           Power        Failure   Level  Hunger
v - Blink                 Tloc           N/A          100%        2    ###....

Your spell library contained the following spells:

 Spells                   Type           Power        Failure   Level  Hunger
 Magic Dart               Conj           #...         99%         1    ##.....
 Call Imp                 Summ           #.......     100%        2    ###....
 Slow                     Hex            #.......     100%        2    ###....
 Conjure Flame            Conj/Fire      #.......     100%        3    ####...
 Mephitic Cloud           Conj/Pois/Air  #.......     100%        3    ####...


Dungeon Overview and Level Annotations

Branches:
Dungeon (3/15)

Altars:

Annotations:
D:3 Grinder


Innate Abilities, Weirdness & Mutations

You have a beak for a mouth.
You have claws for feet.


Message History

You pick up a book of Minor Magic and begin reading...
You add the spells Magic Dart, Blink, Call Imp, Slow, Conjure Flame and Mephitic Cloud to your library.
There is an escape hatch in the floor here.
This spell is impossible to cast!
Memorise Blink, consuming 2 spell levels and leaving 1?
You start memorising the spell.
You continue memorising. x2
You finish memorising.
Spell assigned to 'v'.
You can't memorise that many levels of magic yet!
Unknown command.
You slide downwards.
The hatch slams shut behind you.
You hear the sound of rushing water.
There is an entrance to a sewer on this level.
Hurry and find it before the portal rusts away!
You hear the quick rusting of a distant drain.
A goblin comes into view.
The goblin shouts!
You hit the goblin.
The goblin is moderately wounded.
The goblin hits you but does no damage.
You closely miss the goblin.
The goblin is moderately wounded.
The goblin hits you.
You hit the goblin.
You kill the goblin!
No target in view!
Found a ration.
f - 4 rations (gained 1)
Found a ration.
Found a ration.
Grinder comes into view.
You see here a ration.
You closely miss Grinder. You claw Grinder, but do no damage. You hit Grinder.
Grinder is lightly wounded.
Grinder hits you but does no damage.
You hit Grinder.
Grinder is lightly wounded.
Grinder gestures at you. You resist with significant effort.
You barely miss Grinder.
Grinder is lightly wounded.
Grinder hits you.
You writhe in agony.
* * * LOW HITPOINT WARNING * * *
You hit Grinder but do no damage. Lightning courses through Grinder!!
Grinder is heavily wounded.
Grinder drinks a potion.
Grinder is healed!
You closely miss Grinder. You peck Grinder.
Grinder is lightly wounded.
Grinder barely misses you.
You hit Grinder. Lightning courses through Grinder!
Grinder is heavily wounded.
You block Grinder's attack.
You closely miss Grinder.
Grinder is heavily wounded.
Grinder says, "Wait up."
Grinder hits you.
* * * LOW HITPOINT WARNING * * *
You writhe in agony.
* * * LOW HITPOINT WARNING * * *
You barely miss Grinder.
Grinder is heavily wounded.
Grinder hits you.
* * * LOW HITPOINT WARNING * * *
You writhe in agony.
You die...

#.........#
#.#######.#
#.# .# #.#
.# #.# .#
#.# .# #.#
.#
#.#######%#
#......5@.#
#####.#.###
...#.#
#####.# #.#
#.# ... ..#


You could see Grinder.

Vanquished Creatures
  A killer bee zombie (D:3)
  An adder (D:2)
  An ooze (D:1)
  3 worms
  5 leopard geckos
  A ball python (D:3)
  A giant cockroach (D:3)
  3 goblins
  4 hobgoblins
  3 jackals (D:3)
  A kobold (D:2)
  3 bats
  2 frilled lizards (D:2)
  3 rats
32 creatures vanquished.

Notes
Turn   | Place    | Note
-------+----------+-------------------------------------------
     0 | D:1      | Amnesiac the Tengu Fighter began the quest for the Orb.
     0 | D:1      | Reached XP level 1. HP: 14/14 MP: 2/2
    33 | D:1      | Reached skill level 1 in Stealth
    54 | D:2      | Reached XP level 2. HP: 19/19 MP: 3/3
   239 | D:3      | Reached XP level 3. HP: 13/23 MP: 4/4
   270 | D:3      | Reached skill level 1 in Dodging
   516 | D:2      | Reached XP level 4. HP: 24/28 MP: 5/5
   579 | D:2      | Found a faded altar of an unknown god.
   611 | D:2      | Learned a level 2 spell: Blink
   631 | D:3      | Noticed Grinder
   642 | D:3      | HP: 1/28 [Grinder (5)]
   642 | D:3      | Slain by Grinder

Vault maps used:
D:1:      mrwooster_arrival_arrow, corexii_leaking_fountain,
          minmay_misc_feat_cross
D:2:      kennysheep_big_flooded_room, cheibriados_altar_1,
          chequers_ecumenical_altar_simple_redux
D:3:      cheibrodos_sewer_entry_bend, first_ration, uniq_grinder

Skill      XL: |  1  2  3  4 |
---------------+-------------+-----
Stealth        | 1 2 3 |  3.1
Dodging        | 1 |  1.3
Short Blades   | 3 |  3.1
Fighting       | |  3.0
Armour         | |  3.2
Shields        | |  3.0

Action                   |  1- 3 |  4- 6 || total
-------------------------+-------+-------++-------
Melee: Rapier            |     7 |       ||     7
       Dagger            |    44 |    26 ||    70
       Kick              |    11 |     7 ||    18
       Peck              |     5 |     3 ||     8
Armor: Scale mail        |    16 |     5 ||    21
Dodge: Dodged            |     4 |     6 ||    10
Block: Shield            |    21 |     5 ||    26

Table legend:
 A = Non-vault XP
 B = Vault XP
 C = Vault XP percentage of total XP
 D = Non-vault monster count
 E = Vault monster count
 F = Vault count percentage of total count
                 A         B        C        D         E       F
            +---------+---------+-------+---------+---------+-------
      Total |     113 |       0 |   0.0 |      32 |       0 |   0.0
            +---------+---------+-------+---------+---------+-------
        D:1 |       9 |       0 |   0.0 |       2 |       0 |   0.0
        D:2 |      47 |       0 |   0.0 |      16 |       0 |   0.0
        D:3 |      57 |       0 |   0.0 |      14 |       0 |   0.0
            +---------+---------+-------+---------+---------+-------
